AoeStats
← Aye-Aye [LDKoala] - modo furioso

Oasis

509453413Analyzed
3v3 RM · 5d ago on Sep 26, 2026· 49m 18s· 6 players
Game mode
Random Map
Map size
Normal (6 player)
Population
200
Speed
Normal
Resources
Standard
Victory
Conquest
Starting age
Dark Age
Ending age
Imperial Age
RankedLock teamsTeams togetherTeam positionsShared explorationLock speedFull tech treeHidden civsTurbo modeCheats
Victory
Defeat
985
+17
🇵🇪 Mongols · Peru
974
+17
🇪🇸 Teutons · Spain
1024
-18
🇪🇸 Varangians · Spain
1001
-17
🇪🇸 Khmer · Spain
989
-16
Peppenjaimer (rovastar99)
1:48 Loom
11:18 Feudal Age
12:15 Double-Bit Axe
22:16 Castle Age
20:34 Gold Mining
22:22 Fletching
22:35 Crossbowman
31:28 Imperial Age
30:47 Bow Saw
31:35 Bodkin Arrow
33:32 Arbalester
38:42 Chemistry
37:48 Padded Archer Armor
39:13 Ballistics
41:55 Conscription
44:27 Caravan
45:15 Leather Archer Armor
46:12 Bracer
46:42 Ring Archer Armor
46:55 Gold Shaft Mining
46:11 Stone Mining
46:44 Bogsveigar
ivgash
4:18 Loom
10:15 Feudal Age
11:11 Double-Bit Axe
13:37 Wheelbarrow
13:38 Scale Barding Armor
13:36 Horse Collar
14:32 Bloodlines
14:48 Forging
14:52 Bloodlines
22:44 Castle Age
23:05 Fletching
24:06 Chain Barding Armor
25:29 Bodkin Arrow
26:27 Gold Mining
29:42 Bow Saw
30:21 Heavy Plow
32:07 Hand Cart
31:39 Town Watch
32:00 Padded Archer Armor
36:02 Nomads
38:51 Imperial Age
40:13 Hoardings
39:22 Capped Ram
39:50 Heavy Camel Rider
41:10 Iron Casting
41:05 Thumb Ring
42:24 Drill
45:13 Gold Shaft Mining
44:55 Leather Archer Armor
44:41 Bracer
45:21 Husbandry
45:39 Fortified Wall
46:08 Caravan
47:07 Ballistics
47:48 Chemistry
48:43 Elite Mangudai
Aye-Aye [LDKoala] - modo furioso
11:15 Feudal Age
13:06 Double-Bit Axe
15:23 Castle Age
13:45 Loom
17:28 Bow Saw
17:12 Horse Collar
18:12 Scale Barding Armor
22:06 Husbandry
22:50 Heavy Plow
24:22 Wheelbarrow
24:31 Forging
24:51 Chain Barding Armor
27:24 Hand Cart
27:43 Town Watch
27:57 Stone Mining
27:58 Gold Mining
29:55 Iron Casting
29:12 Fletching
30:35 Bloodlines
34:36 Imperial Age
33:47 Vendel Legacy
35:23 Cavalier
36:41 Plate Barding Armor
37:06 Blast Furnace
38:51 Conscription
41:19 Caravan
44:56 Bodkin Arrow
45:02 Padded Archer Armor
47:01 Treadmill Crane
simo.detto
2:08 Loom
11:29 Feudal Age
12:07 Double-Bit Axe
12:03 Horse Collar
20:04 Castle Age
21:28 Wheelbarrow
20:40 Town Watch
21:43 Pikeman
23:12 Bow Saw
31:16 Scale Mail Armor
31:23 Scale Barding Armor
31:28 Forging
31:18 Padded Archer Armor
31:08 Fletching
31:17 Gold Mining
31:28 Stone Mining
31:49 Caravan
33:13 Gold Shaft Mining
35:51 Imperial Age
35:03 Tusk Swords
39:12 Chain Mail Armor
39:33 Iron Casting
39:18 Chain Barding Armor
38:53 Bodkin Arrow
39:13 Leather Archer Armor
40:28 Halberdier
42:36 Ballistics
45:43 Double Crossbow
Esdlm
11:20 Feudal Age
16:10 Loom
22:06 Double-Bit Axe
23:26 Forging
23:22 Scale Barding Armor
24:51 Bloodlines
26:44 Castle Age
24:27 Horse Collar
24:41 Gold Mining
26:47 Stone Mining
28:54 Iron Casting
29:30 Chain Barding Armor
37:04 Imperial Age
36:43 Heavy Plow
36:57 Bow Saw
37:42 Scale Mail Armor
38:01 Cavalier
43:05 Pikeman
44:57 Squires
44:43 Arson
44:49 Halberdier
46:19 Chain Mail Armor
50:01 Plate Mail Armor
mario19
5:15 Loom
11:04 Feudal Age
13:46 Double-Bit Axe
17:09 Castle Age
16:35 Horse Collar
22:24 Wheelbarrow
25:14 Bow Saw
25:04 Gold Mining
25:22 Heavy Plow
26:37 Fletching
26:48 Padded Archer Armor
27:00 Forging
27:20 Scale Barding Armor
30:17 Hand Cart
29:49 Town Watch
35:02 Imperial Age
33:06 Chain Barding Armor
35:05 Iron Casting
36:10 Light Cavalry
37:01 Bloodlines
38:08 Plate Barding Armor
37:07 Hussar
37:54 Husbandry
43:45 Blast Furnace
42:59 Bodkin Arrow
42:35 Cavalier
Connection lost

Rejoining the realm…

Still unreachable

The connection could not be restored.

Session expired

The server has moved on; the page needs a fresh start.